Cogmind - Beta 16.1 @@@ ROGUE MODE // 2026.02.17 @ 04:58:21 Player: Rocket Result: Self-destructed Performance ------------- Evolutions (1) 500 Regions Visited (2) 400 Robots Destroyed (10) 50 Value Destroyed (155) 155 Prototype IDs (0) 0 Alien Tech Used (0) 0 Bonus (0) 0 TOTAL SCORE: 1105 Bonus ------- None Cogmind --------- Core Integrity 345/400 Matter 1/300 Energy 12/100 System Corruption 0% Temperature Hot (225) Movement Treading (160) Location -9/Materials Parts ------- > --- POWER (1) -------- (None) > --- PROPULSION (3) --- Improved Treads Improved Treads Improved Treads > --- UTILITY (3) ------ Medium Storage Unit Medium Armor Plating Medium Armor Plating > --- WEAPON (2) ------- Heavy Particle Cannon Grenade Launcher > --- INVENTORY (10) --- Light Ion Engine Improved Treads Medium Matter Pod (0) Medium Matter Pod (0) Propulsion Shielding Medium Armor Plating Heavy Particle Cannon Light Cannon Light Cannon Light Cannon Peak State ------------ > --- POWER ------------ (None) > --- PROPULSION ------- Improved Treads Improved Treads Improved Treads > --- UTILITY ---------- Medium Storage Unit Medium Armor Plating Medium Armor Plating > --- WEAPON ----------- Heavy Particle Cannon Light Cannon > --- INVENTORY -------- Light Ion Engine Improved Treads Medium Matter Pod Medium Matter Pod Medium Armor Plating Heavy Particle Cannon Light Cannon Light Cannon Grenade Launcher [Rating: 16] Favorites ----------- Power Light Ion Engine Engine Light Ion Engine Propulsion Improved Treads Treads Improved Treads Leg Aluminum Leg Utility Medium Armor Plating Storage Medium Storage Unit Protection Medium Armor Plating Weapon Light Cannon Energy Gun Small Laser Energy Cannon Heavy Particle Cannon Ballistic Gun Light Assault Rifle Ballistic Cannon Light Cannon Launcher Grenade Launcher Build | -11 -10 -9 ------- Run | Yrd Mat Mat Slots Evolved 2 | . . 2 Power . | . . . Propulsion 1 | . . 1 Utility 1 | . . 1 Weapon . | . . . Parts Attached 18 | 7 7 4 Power 1 | 1 . . Engine 1 | 1 . . Core . | . . . Reactor . | . . . Propulsion 5 | 2 2 1 Treads 3 | . 2 1 Leg 2 | 2 . . Wheel . | . . . Hover . | . . . Flight . | . . . Utility 5 | 1 3 1 Device . | . . . Storage 2 | 1 1 . Processor . | . . . Hackware . | . . . Protection 3 | . 2 1 Artifact . | . . . Weapon 7 | 3 2 2 Energy Gun 1 | 1 . . Energy Cannon 1 | . . 1 Ballistic Gun 2 | 2 . . Ballistic Cannon 2 | . 2 . Launcher 1 | . . 1 Special Weapon . | . . . Impact Weapon . | . . . Slashing Weapon . | . . . Piercing Weapon . | . . . Special Melee Weapon . | . . . Unidentified Prototypes . | . . . Parts Lost 1 | . . 1 Power 1 | . . 1 Propulsion . | . . . Utility . | . . . Weapon . | . . . Highest Loss Streak 1 | . . 1 To Critical Strikes . | . . . Average Backups 6 | . 5 9 Power . | . 1 1 Propulsion 1 | . 1 1 Utility 2 | . 1 3 Weapon 2 | . . 3 Tool/Special . | . . . Unused Backups 6 | . . 6 Power 1 | . . 1 Propulsion 1 | . . 1 Utility 2 | . . 2 Weapon 2 | . . 2 Tool/Special . | . . . Average Slot Usage (%) 91 | . 95 88 Engine 9 | . 14 4 Treads 21 | . 16 28 Leg 4 | . 8 . Storage 14 | . 17 11 Protection 15 | . 9 22 Energy Cannon 2 | . . 6 Ballistic Gun 1 | . 2 . Ballistic Cannon 20 | . 25 14 Peak Build Rating 16 | 6 11 16 Average Rating 11 | 4 9 14 On Entrance 5 | . 6 11 Avg Prop Armor Cover (%) . | . . . Naked Turns . | . . . Heaviest Build 33 | 11 26 33 Greatest Support 69 | 20 46 69 Greatest Overweight (x) 1 | . 1 . Average Overweight (x) . | . . . Largest Inventory Capacity 10 | 8 10 10 Average Capacity 9 | 6 9 10 Most Carried 10 | 1 9 10 Average Carried 6 | . 5 9 Final Capacity 10 | 8 10 10 Final Carried 10 | 1 9 10 Class Distribution -------------------- 100% | Mutant Dominant Class ---------------- Mutant | -10/Materials Mutant | -9/Materials Resources | -11 -10 -9 ----------- Run | Yrd Mat Mat Matter Collected 172 | 97 36 39 Remotely . | . . . Salvage Created 157 | . 23 134 Parts 12 | . 4 8 Haulers Intercepted . | . . . Recyclers Shooed . | . . . Parts Field Recycled . | . . . Retrieved Matter . | . . . Parts Self-Destructed . | . . . Prevented . | . . . Parts Restored . | . . . Kills | -11 -10 -9 ------- Run | Yrd Mat Mat Combat Hostiles Destroyed 7 | . 3 4 Melee 1 | . . 1 Cannons 6 | . 3 3 Classes Destroyed 5 | . 2 3 Builder 1 | . . 1 Recycler 1 | . . 1 Watcher 1 | . 1 . Swarmer 5 | . 3 2 Grunt 2 | . . 2 Best Kill Streak 4 | . 3 4 Combat Bots Only 3 | . 3 2 Max Kills in Single Turn 1 | . 1 1 Gunslinging . | . . . Exploded . | . . . Melee 1 | . . 1 Uniques/NPCs Destroyed . | . . . Combat | -11 -10 -9 -------- Run | Yrd Mat Mat Hostile Shots Fired 87 | . 23 64 Missed 23 | . 5 18 Hits 64 | . 18 46 Projectile 64 | . 18 46 Damage Taken 601 | . 149 452 Core 55 | . . 55 Absorbed by Shields . | . . . Core Remaining (%) 100 | 100 100 . Volleys Fired 34 | . 10 24 Largest 2 | . 2 2 Hottest 105 | . 60 105 Shots Fired 46 | . 20 26 Gun . | . . . Cannon 45 | . 20 25 Launcher 1 | . . 1 Special . | . . . Kinetic 29 | . 20 9 Thermal 16 | . . 16 Explosive 1 | . . 1 Electromagnetic . | . . . Robot Hit Streak 5 | . 2 5 Robot Miss Streak 4 | . 4 4 Penetration Max . | . . . Secondary Targets . | . . . Shots Hit Robots 17 | . 7 10 Core Hits 10 | . 4 6 Critical Kills . | . . . Critical Parts Destroyed . | . . . Critical Strikes . | . . . Melee Attacks . | . . . Impact . | . . . Slashing . | . . . Piercing . | . . . Sneak Attacks . | . . . Combat Hostiles . | . . . Follow-up Attacks . | . . . Damage Inflicted 533 | . 143 390 Guns . | . . . Cannons 444 | . 143 301 Explosions 62 | . . 62 Melee . | . . . Ramming 27 | . . 27 Kinetic 244 | . 143 101 Thermal 200 | . . 200 Explosive 62 | . . 62 Electromagnetic . | . . . Impact . | . . . Slashing . | . . . Piercing . | . . . Highest Corruption . | . . . Average Corruption . | . . . Corruption Purged . | . . . Corruption Blocked . | . . . Overload Shots . | . . . Overflow Damage . | . . . Projectiles . | . . . Explosions . | . . . Melee . | . . . Knockbacks 4 | . 3 1 Impact . | . . . Kinetic 4 | . 3 1 Secondary . | . . . Self-Inflicted Damage . | . . . Shots . | . . . Rammed 9 | . . 9 Targets Rammed 10 | . . 10 Kicked . | . . . Crushed 1 | . . 1 Highest Temperature 258 | . 63 258 Average Temperature 84 | . 27 112 Received Heat Transfer 162 | . . 162 Siege Activations . | . . . Martial Activations . | . . . Shielding Activations . | . . . Robots Disrupted . | . . . Combat Hostiles . | . . . Robots Corrupted . | . . . Combat Hostiles . | . . . Parts Fried . | . . . Impact Corruptions . | . . . Robots Melted . | . . . Combat Hostiles . | . . . Parts Melted . | . . . Heat Transferred 296 | . . 296 Parts Sabotaged . | . . . Parts Stolen . | . . . Parts Stripped . | . . . Power Chain Reactions . | . . . Alert | -11 -10 -9 ------- Run | Yrd Mat Mat Maximum Alert Level . | . . . Low Security (%) 100 | 100 100 100 Level 1 . | . . . Level 2 . | . . . Level 3 . | . . . Level 4 . | . . . Level 5 . | . . . High Security . | . . . Max Security . | . . . Peak Influence 70 | . 70 69 Initial . | . . . Average 11 | . 15 10 Influence Increases 206 | . 77 129 Destroy 0b10 Robot/C 140 | . 60 80 Destroy 0b10 Robot/NC 15 | . 5 10 Destroy Leader 22 | . 12 10 Successful Hack 7 | . . 7 Disable Machine 15 | . . 15 Destroy Structure 7 | . . 7 Influence Decreases 146 | . 77 69 Time Decay 136 | . 77 59 Lost Part 10 | . . 10 Squads Dispatched . | . . . Investigation . | . . . Extermination . | . . . Reinforcement . | . . . Assault . | . . . Garrison . | . . . Intercept . | . . . Searches Triggered . | . . . Construction Impeded . | . . . Haulers Reinforced . | . . . Active Scanning Responses . | . . . Cargo Convoy Interrupts . | . . . Stealth | -11 -10 -9 --------- Run | Yrd Mat Mat Distress Signals 2 | . 1 1 Communications Jammed . | . . . Distress Signals . | . . . Times Spotted 13 | . 7 6 Peak Tracking Total 4 | . 4 3 Tactical Retreats . | . . . Traps | -11 -10 -9 ------- Run | Yrd Mat Mat Traps Triggered . | . . . Indirectly . | . . . Trap Hack Attempts . | . . . Triggered . | . . . Disarmed . | . . . Reprogrammed . | . . . Reused . | . . . Traps Extracted . | . . . Installed . | . . . Triggered . | . . . Machines | -11 -10 -9 ---------- Run | Yrd Mat Mat Machines Disabled 1 | . . 1 Max in Single Turn 1 | . . 1 Machines Repaired . | . . . Machines Dismantled . | . . . Machines Sabotaged . | . . . Overloaded Fab Kills . | . . . Hacking | -11 -10 -9 --------- Run | Yrd Mat Mat Machines Accessed 2 | . 1 1 Terminals 2 | . 1 1 Fabricators . | . . . Repair Stations . | . . . Recycling Units . | . . . Scanalyzers . | . . . Garrison Access . | . . . Total Hacks 2 | . 1 1 Successful 1 | . . 1 Failed 1 | . 1 . Catastrophic 1 | . 1 . Database Lockouts . | . . . Manual 2 | . 1 1 Terminals 2 | . 1 1 Fabricators . | . . . Repair Stations . | . . . Recycling Units . | . . . Scanalyzers . | . . . Garrison Access . | . . . Terminal Hacks 1 | . . 1 Part Schematic 1 | . . 1 Fabricator Hacks . | . . . Repair Station Hacks . | . . . Recycling Unit Hacks . | . . . Scanalyzer . | . . . Garrison Access Hacks . | . . . Unauthorized Hacks . | . . . Terminals . | . . . Fabricators . | . . . Repair Stations . | . . . Recycling Units . | . . . Scanalyzers . | . . . Garrison Access . | . . . Data Cores Recovered . | . . . Used . | . . . Hacking Detections 2 | . 1 1 Full Trace Events . | . . . Feedback Events . | . . . Feedback Blocked . | . . . Robot Schematics Acquired . | . . . Robots Built . | . . . Authchips . | . . . Time . | . . . Total Robot Build Rating . | . . . Part Schematics Acquired 1 | . . 1 Parts Built . | . . . Authchips . | . . . Time . | . . . Total Part Build Rating . | . . . Part Studies Acquired . | . . . Parts Repaired . | . . . Time . | . . . Parts Recycled . | . . . Recycled Matter . | . . . Retrieved Matter . | . . . Retrieved Components . | . . . Parts Scanalyzed . | . . . Part Schematics Acquired . | . . . Parts Damaged . | . . . Bothacking | -11 -10 -9 ------------ Run | Yrd Mat Mat Used RIF Installer . | . . . Robots Hacked . | . . . Non-combat . | . . . Combat . | . . . Robot Hacks Applied . | . . . Relay Couplers Released . | . . . Fabnet Peak Effective % . | . . . Robots Rewired . | . . . Allies Hacked . | . . . Hacks Repelled . | . . . Allies | -11 -10 -9 -------- Run | Yrd Mat Mat Total Allies . | . . . Largest Group . | . . . Highest-Rated Group . | . . . Highest-Rated Ally . | . . . Total Orders . | . . . Ally Attacks . | . . . Total Damage . | . . . Kills . | . . . Allies Corrupted . | . . . Allies Melted . | . . . Intel | -11 -10 -9 ------- Run | Yrd Mat Mat Active Infowar (turns) . | . . . Robot Analysis Total . | . . . Derelict Logs Recovered . | . . . Drone Launches . | . . . Drone Recoveries . | . . . Exploration | -11 -10 -9 ------------- Run | Yrd Mat Mat Turns Passed 617 | 59 294 264 Spaces Moved 296 | 43 142 111 Core 6 | 6 . . Treads 212 | . 101 111 Legs 78 | 37 41 . Wheels . | . . . Hover . | . . . Flight . | . . . Fastest Speed 50 | 50 120 160 Average Speed 158 | 110 172 160 Slowest Speed 240 | 120 240 160 Overloaded Moves . | . . . Propulsion Burnouts . | . . . Robots Hopped . | . . . Potential Cave-ins . | . . . Cave-ins Triggered . | . . . Exploration Rate (%) 14 | 4 23 17 Regions Visited 2 Branch Regions . Pre-discovered Areas . | . . . Known Exits Taken . | . . . Unknown Exits Taken 2 | 1 1 . Scrap Searched . | . . . Spaces Dug . | . . . Terrain Destroyed 6 | . . 6 Melee . | . . . Projectile 4 | . . 4 AOE 2 | . . 2 Terrain Rammed . | . . . Walls Destroyed . | . . . Machines Disabled . | . . . Actions | -11 -10 -9 --------- Run | Yrd Mat Mat Total 386 | 51 171 164 Wait 12 | . . 12 Move 294 | 42 141 111 Hop . | . . . Pick Up 12 | 1 8 3 Fast Attach 12 | 7 5 . Attach 3 | . 1 2 Detach . | . . . Swap 3 | . 1 2 Drop 6 | 1 5 . Fire 34 | . 10 24 Melee . | . . . Ram . | . . . Kick . | . . . Crush 10 | . . 10 Escape Stasis . | . . . Rewire . | . . . Trap . | . . . Miscellaneous . | . . . Route ------- -11/Scrapyard -10/Materials (discovered 2 exits: *Mat / [*Min]) -9/Materials History --------- Turn | Location | Event 2 | -11/Scrapyard | Discovered new exit (range 16) 60 | -11/Scrapyard | Entered Materials 124 | -10/Materials | Discovered new exit (range 14) 291 | -10/Materials | Discovered new exit (range 13) 308 | -10/Materials | Build established: Mutant 354 | -10/Materials | Entered another Materials area 354 | -9/Materials | Evolved 2 slots: Propulsion x1, Utility x1 618 | -9/Materials | Self-destructed Last Messages --------------- 00593_ R-06 Scavenger collects Flight Unit. 00594_ K-01 Serf collects debris. 00594_ U-05 Engineer lays Concrete. 00596_ K-01 Serf collects debris. 00596_ U-05 Engineer lays Concrete. 00598_ R-06 Scavenger collects Flight Unit. 00598_ U-05 Engineer lays Concrete. 00598_ Acquired Propulsion Shielding. 00599_ U-05 Engineer lays Concrete. 00600_ K-01 Serf collects debris. 00601_ U-05 Engineer lays Concrete. 00601_ U-05 Engineer destroyed. 00602_ R-06 Scavenger collects Lgt. Ion Engine. 00603_ K-01 Serf collects debris. 00607_ R-06 Scavenger collects Lgt. Ion Engine. 00610_ K-01 Serf collects debris. 00611_ R-06 Scavenger destroyed. 00613_ K-01 Serf collects debris. 00615_ U-05 Engineer builds a Wall. 00616_ K-01 Serf collects debris. Map ----- +----------------------------------------------------+ | ?????????????????????????????????????????????????? | | ?????????????????????????????????????????????????? | | ?????????????????????????????????????????????????? | | ?????????????????????????????????????????????????? | | ?????????????????????????????????????????????????? | | ?????????????????????????????????????????????????? | | ?????????????????????????????????????????????????? | | ?????????????????????????????????????????????????? | | ?????????????????????????????????????????????????? | | ?????????????????????????????????????????????????? | | ?????????????????????? ?????????????????????? | | ???????????????????? ???????????????????? | | ???????????????????# w +???????? ?????????? | | ???????????????????# a %u#? ???? ?????????? | | ??????????????????## # ??? ?????????? | | ??????????????????#" # ??? #????????? | | ??????????????????#" a k%=; ???? #????????? | | ??????????????????#" !=|%* ????# #????????? | | ??????????????????#T s[! ?????# #????????? | | ??????????????????#" k ??????# #????????? | | ??????????????????#" #???????# #????????? | | ??????????????????#" #???????# ########## | | ??????????????????## #+#?????# ## | | ??????????????????# !! ####### ## | | ??????????????????# !! k # | | ??????????????????# ! @ + | | ??????????????????# # | | ??????????????????# # | | ??????????????????####"T"############# k # | | ?????????????????????#####???????????# # | | ????????????????????????############## ######### | | ??????????????????????? | | ??????????????????????? | | ??????????????????????? | | ?????????????????????????##############+########+# | | ??????????????????????????????????# ## | | ??????????????????????????????????# ## """ | | ??????????????????????????????????# ## "Y | | ??????????????????????????????????# ## """ | | ??????????????????????????????????# ## | | ??????????????????????????????????# ## | | ??????????????????????????????????# ## "" | | ??????????????????????????????????# ## "" | | ??????????????????????????????????############ ?? | | ?????????????????????????????????????????????# ?? | | ?????????????????????????????????????????????????? | | ?????????????????????????????????????????????????? | | | | | | | +----------------------------------------------------+ Best States ------------- Heat Dissipation 28 Energy Generation 10 Energy Capacity 125 Matter Stores 148 Matter Capacity 300 Sight Range 16 Terrain Scan Density 10 Armor Coverage 450 Evasion (%) 55 Recoil Reduction 3 Item Schematics ----------------- Hcp. Storage Unit | -9/Materials | Hacked Robot Schematics ------------------ None Fabricated ------------ Nothing Repaired ---------- Nothing Studied --------- None Alien Tech Used ----------------- None Achievements -------------- None Challenges ------------ None Game ------ Seed SmallMappingDoublenader Manual? 0 Play Time 00:05:11 Cumulative 89.1 hours Start 2026.02.17 @ 04:51:55 End 2026.02.17 @ 04:58:21 Sessions 3 Manual Loads 0 Difficulty Rogue Special Mode None Game No. 141 Rogue 141 Adventurer 0 Explorer 0 Win Type - Total 0 Types 0/0/0/0/0/0/0/0/0/0 Lore% 17 Gallery% 37 Achievement% 27 Wizard Run 0 Options --------- Layout 1 ASCII 0 Keyboard 0 Movement Mouse Keybinds 0 Fullscreen 2 Font 24/Smallcaps Map View 50x35 Zoom Use 71% Tactical HUD 1 Map Filters NONE Filters NONE Steam 1 RUN: 2165a601-aa03-41c5-bb7f-9c973874f213